 Dungeon Crawl Stone Soup version 0.20.1-1-g8b1a95d (webtiles) character file.

12492 MJtheKandyman the Archer (level 11, -4/79 HPs)
             Began as a Centaur Hunter on Dec 26, 2017.
             Was an Elder of Okawaru.
             Splashed by an acid dragon's acid (17 damage)
             ... on level 11 of the Dungeon on Dec 27, 2017.
             The game lasted 01:47:37 (16450 turns).

MJtheKandyman the Archer (Centaur Hunter)          Turns: 16450, Time: 01:47:39

Health: -4/79      AC:  6    Str: 15    XL:     11   Next: 63%
Magic:  11/11      EV:  5    Int: 10    God:    Okawaru [****..]
Gold:   551        SH:  0    Dex: 18    Spells: 4/10 levels left

rFire    . . .     SeeInvis .   a - +2 shortbow (flame)
rCold    + . .     Gourm    .   (shield currently unavailable)
rNeg     . . .     Faith    .   H - +8 chain mail of Vyimanih {rC+}
rPois    .         Spirit   .   p - +2 hat
rElec    .         Reflect  .   (no cloak)
rCorr    .         Harm     .   (no gloves)
MR       .....                  (no barding)
Stlth    ..........             T - amulet of regeneration
Regen    0.7/turn               W - +4 ring of protection
MPRegen  0.2/turn               S - +5 ring of dexterity

@: corroded, very quick
A: hooves 3, deformed body, speed 2, tough skin 3
a: Heroism, Renounce Religion


You were on level 11 of the Dungeon.
You worshipped Okawaru.
Okawaru was greatly pleased with you.
You were hungry.

You visited 2 branches of the dungeon, and saw 12 of its levels.

You collected 551 gold pieces.

Inventory:

Hand Weapons
 a - a +2 shortbow of flaming (weapon)
 d - a +3 halberd of venom
 u - a +1 shortbow
Missiles
 c - a throwing net
 s - 78 arrows (quivered)
Armour
 p - a +2 hat (worn)
 w - a +1 scale mail of cold resistance
 H - the +8 chain mail of Vyimanih (worn) {rC+}
   (You found it on level 9 of the Dungeon)

   It protects you from cold.
Jewellery
 b - a +4 ring of intelligence
 r - an uncursed amulet of harm
 E - a +3 ring of strength
 J - an uncursed ring of protection from fire
 M - a +3 amulet of reflection {unknown}
 S - a +5 ring of dexterity (right hand)
 T - an amulet of regeneration (around neck)
 W - a +4 ring of protection (left hand)
Wands
 e - a wand of random effects (13/48)
 n - a wand of acid (5/15)
 G - a wand of enslavement (9/24)
 L - a wand of disintegration (9/24)
 O - a wand of flame (40/48)
 Q - a wand of disintegration (10/24)
 R - a wand of iceblast (8/15)
 V - a wand of polymorph (15/24)
 Y - a wand of disintegration (14/24)
 Z - a wand of polymorph (11/24)
Scrolls
 j - a scroll of silence {unknown}
 k - 2 scrolls of summoning {unknown}
 l - 5 scrolls of remove curse
 m - 3 scrolls of amnesia
 o - 2 scrolls of fog
 t - a scroll of enchant weapon
 x - a scroll of teleportation
 B - a scroll of holy word {unknown}
 C - 2 scrolls of recharging
 F - a scroll of blinking
 I - a scroll of enchant armour {unknown}
 P - a scroll of random uselessness {unknown}
 U - a scroll of identify
Potions
 q - a potion of curing
 v - a potion of brilliance
 z - a potion of mutation
Books
 y - a book of Frost

   Spells                             Type                      Level
   a - Freeze                         Ice                          1
   b - Throw Frost                    Conjuration/Ice              2
   c - Ozocubu's Armour               Charms/Ice                   3
   d - Throw Icicle                   Conjuration/Ice              4
   e - Summon Ice Beast               Ice/Summoning                4
 A - a book of Maledictions

   Spells                             Type                      Level
   a - Corona                         Hexes                        1
   b - Ensorcelled Hibernation        Hexes/Ice                    2
   c - Confuse                        Hexes                        3
   d - Tukima's Dance                 Hexes                        3
   e - Dazzling Spray                 Conjuration/Hexes            3
 D - a book of Minor Magic

   Spells                             Type                      Level
   a - Magic Dart                     Conjuration                  1
   b - Blink                          Translocation                2
   c - Call Imp                       Summoning                    2
   d - Slow                           Hexes                        2
   e - Conjure Flame                  Conjuration/Fire             3
   f - Mephitic Cloud                 Conjuration/Poison/Air       3
 N - a book of Cantrips

   Spells                             Type                      Level
   a - Confusing Touch                Hexes                        1
   b - Animate Skeleton               Necromancy                   1
   c - Summon Small Mammal            Summoning                    1
   d - Apportation                    Translocation                1
Comestibles
 f - 13 bread rations
 g - 10 meat rations
 h - 3 royal jellies
 i - 3 fruits


   Skills:
 - Level 2.0 Fighting
 - Level 12.0 Polearms
 + Level 14.8 Bows
 + Level 3.0 Armour
 - Level 1.3 Dodging
 - Level 0.4 Stealth
 - Level 4.7 Conjurations


You had 4 spell levels left.
You knew the following spells:

 Your Spells              Type           Power        Failure   Level  Hunger
a - Conjure Flame         Conj/Fire      #.......     100%        3    ####...
b - Mephitic Cloud        Conj/Pois/Air  #.......     100%        3    ####...


Dungeon Overview and Level Annotations

Branches:
Dungeon (11/15)            Temple (1/1) D:7
   Lair: D:8-11         Orc: D:9-12

Altars:
Ashenzari
Cheibriados
Dithmenos
Elyvilon
Fedhas
Gozag
Hepliaklqana
Kikubaaqudgha
Makhleb
Nemelex Xobeh
Okawaru
Qazlal
Ru
Sif Muna
Trog
Uskayaw
Vehumet
Xom
Yredelemnul
Zin
The Shining One


Innate Abilities, Weirdness & Mutations

You have hooves in place of feet.
Armour fits poorly on your strangely shaped body.
You cover ground very quickly.
You have extremely tough skin. (AC +3)


Message History

The arrow hits the acid dragon but does no damage.
The acid dragon is heavily wounded.
The acid dragon spits acid at you. The splash of acid hits you!
* * * LOW HITPOINT WARNING * * *
The acid corrodes you!
You are splashed with acid!
The acid burns!
* * * LOW HITPOINT WARNING * * *
You feel better.
You are too injured to fight recklessly!
Firing (i - inventory. (,) - cycle):
s - 79 arrows (quivered)
Press: ? - help, Shift-Dir - straight line, f/p - acid dragon
Aim: an acid dragon (heavily wounded, catching its breath)
You shoot an arrow. The arrow hits the acid dragon.
The arrow burns the acid dragon.
The acid dragon is severely wounded.
The acid dragon spits acid at you. The splash of acid hits you!
* * * LOW HITPOINT WARNING * * *
You are splashed with acid!
The acid burns!
You die...

###...#####÷.(####........##
###........(# #..........#
###.#.##..# #..........#
#[#.##..# #...........
#)#.)...# #..)########
###.###.#.###..(#}....#.
#....##...(###..#.⌠...#.
#..[.##....###(.#...#...
#....##@#..##.(.###.####
####....##.#..##(..#...#O<{
#..........D.......(...D.<.
#.##....##.##.##((.#(..#.<.
#.##....##.##.##...###(####
#.##....##.##.###..#...#...
####....#..##.# ##.#.⌠...#.
#....#.###.# ###)....#.
######. #.# ########


You could see an acid dragon.

Vanquished Creatures
  A hydra (D:11)
  A two-headed ogre (D:8)
  2 ogre magi (D:11)
  The ghost of kalagan the Digger, a novice GrEE of Hepliaklqana (D:9)
  An unseen horror (D:11)
  A manticore (D:11)
  A centaur zombie (D:10)
  The ghost of appiemonkey the Ruffian, a novice TrMo (D:5)
  A troll (D:11)
  Prince Ribbit (D:6)
  2 hornets
  A slime creature (D:11)
  A hippogriff (D:8)
  6 yaks
  Eustachio (D:6)
  A hungry ghost (D:10)
  A water moccasin (D:8)
  2 orc warriors
  3 ice beasts
  2 black bears
  4 sky beasts
  A phantom (D:7)
  6 ogres
  3 centaurs
  3 big kobolds
  9 bullfrogs
  An elf zombie (D:7)
  An elf skeleton (D:7)
  A scorpion (D:7)
  11 killer bees
  4 wights
  4 howler monkeys
  4 crimson imps (D:5)
  3 bullfrog zombies
  6 hounds
  2 jellies
  A human zombie (D:7)
  A bullfrog skeleton (D:8)
  4 orc priests
  A centaur skeleton (D:7)
  An iron imp (D:8)
  A human skeleton (D:7)
  9 orc wizards
  3 iguanas
  Terence (D:2)
  13 worker ants
  A killer bee zombie (D:9)
  A hound skeleton (D:7)
  2 worker ant zombies
  3 gnolls (D:2)
  8 adders
  A shadow imp (D:5)
  An ooze (D:1)
  2 adder zombies (D:7)
  An adder skeleton (D:7)
  6 worms
  A dart slug (D:1)
  9 leopard geckos
  52 orcs
  5 giant cockroaches
  14 goblins
  10 hobgoblins
  15 jackals
  2 quokkas
  8 bats
  4 frilled lizards
  A goblin zombie (D:8)
  A hobgoblin zombie (D:8)
  A jackal skeleton (D:7)
  24 kobolds
  4 kobold skeletons (D:8)
  A leopard gecko zombie (D:6)
  2 orc skeletons (D:7)
  An orc zombie (D:8)
  A quokka skeleton (D:4)
  14 rats
325 creatures vanquished.

Notes
Turn   | Place    | Note
-------+----------+-------------------------------------------
     0 | D:1      | MJtheKandyman the Centaur Hunter began the quest for the Orb.
     0 | D:1      | Reached XP level 1. HP: 17/17 MP: 1/1
     0 | D:1      | Noticed a minotaur skeleton
   101 | D:1      | Reached XP level 2. HP: 24/24 MP: 2/2
   148 | D:1      | Reached skill level 6 in Bows
   619 | D:1      | Reached XP level 3. HP: 29/29 MP: 3/3
  1078 | D:2      | Reached skill level 7 in Bows
  1134 | D:2      | Reached XP level 4. HP: 26/36 MP: 4/4
  1450 | D:2      | Noticed Terence
  1520 | D:2      | Killed Terence
  1664 | D:2      | Reached skill level 1 in Polearms
  1976 | D:2      | Reached skill level 8 in Bows
  1977 | D:2      | Reached XP level 5. HP: 40/41 MP: 5/5
  3745 | D:4      | Noticed a sky beast
  4274 | D:3      | Noticed an orc warrior
  4674 | D:3      | Killed an orc warrior
  4674 | D:3      | Reached skill level 9 in Bows
  4674 | D:3      | Reached XP level 6. HP: 21/48 MP: 6/6
  5305 | D:4      | Killed a sky beast
  5541 | D:4      | Reached XP level 7. HP: 55/55 MP: 7/7
  5636 | D:5      | Entered Level 5 of the Dungeon
  5995 | D:5      | Reached skill level 10 in Bows
  6565 | D:5      | Reached skill level 5 in Polearms
  6565 | D:5      | Reached XP level 8. HP: 26/61 MP: 8/8
  6678 | D:5      | Noticed appiemonkey's ghost (novice TrMo)
  6809 | D:4      | Reached skill level 11 in Bows
  7192 | D:5      | Killed appiemonkey's ghost
  7611 | D:5      | Found a hide-covered altar of Uskayaw.
  7834 | D:6      | Noticed Prince Ribbit
  7856 | D:6      | Found a shimmering altar of Xom.
  7868 | D:6      | Killed Prince Ribbit
  7868 | D:6      | Reached skill level 12 in Bows
  8230 | D:6      | Reached XP level 9. HP: 57/67 MP: 9/9
  8541 | D:6      | Noticed Eustachio
  8553 | D:6      | Killed Eustachio
  9069 | D:6      | Reached skill level 13 in Bows
  9996 | D:7      | Found a bloodstained altar of Trog.
 10010 | D:7      | Found a sparkling altar of Nemelex Xobeh.
 10284 | D:7      | Found a staircase to the Ecumenical Temple.
 10297 | Temple   | Entered the Ecumenical Temple
 10327 | Temple   | Became a worshipper of Warmaster Okawaru
 11143 | D:7      | Reached * piety under Okawaru
 11324 | D:7      | Reached skill level 14 in Bows
 11584 | D:7      | Reached XP level 10. HP: 73/73 MP: 10/10
 12128 | D:8      | Found a glowing golden altar of the Shining One.
 12283 | D:8      | Reached skill level 10 in Polearms
 12366 | D:8      | Reached ** piety under Okawaru
 12529 | D:8      | You fall through a shaft!
 12568 | D:9      | Found a bloodstained altar of Trog.
 12659 | D:9      | Got a steaming chain mail
 12670 | D:9      | Identified the +8 chain mail of Vyimanih {rC+} (You found it on level 9 of the Dungeon)
 12911 | D:8      | Noticed a two-headed ogre
 12941 | D:8      | Killed a two-headed ogre
 13382 | D:9      | Noticed kalagan's ghost (novice GrEE)
 13455 | D:9      | Killed kalagan's ghost
 13608 | D:9      | Found a radiant altar of Vehumet.
 13608 | D:9      | Found an ancient bone altar of Kikubaaqudgha.
 13643 | D:9      | Found a snail-covered altar of Cheibriados.
 13645 | D:9      | Found a shattered altar of Ashenzari.
 13647 | D:9      | Found a burning altar of Makhleb.
 14441 | D:10     | Entered Level 10 of the Dungeon
 14458 | D:10     | Reached *** piety under Okawaru
 14492 | D:10     | Reached XP level 11. HP: 76/79 MP: 11/11
 14504 | D:9      | Learned a level 3 spell: Conjure Flame
 14508 | D:9      | Learned a level 3 spell: Mephitic Cloud
 14547 | D:9      | Reached skill level 1 in Conjurations
 14872 | D:10     | Found a shimmering altar of Xom.
 15063 | D:10     | You fall through a shaft!
 15143 | D:11     | Noticed an ogre mage
 15145 | D:11     | Noticed a four-headed hydra
 15146 | D:11     | Noticed an ogre mage
 16074 | D:11     | Killed an ogre mage
 16074 | D:11     | Reached skill level 1 in Armour
 16223 | D:11     | Killed an unseen horror
 16223 | D:11     | Reached **** piety under Okawaru
 16223 | D:11     | Received a gift from Okawaru
 16275 | D:11     | Killed an ogre mage
 16311 | D:11     | Killed a four-headed hydra
 16450 | D:11     | Splashed by an acid dragon's acid

Skill      XL: |  1  2  3  4  5  6  7  8  9 10 11 |
---------------+----------------------------------+-----
Bows           | 6 7 8 9 10 12 14 | 14.8
Polearms       | 1 3 5 6 9 12 | 12.0
Conjurations   | 4 |  4.7
Armour         | 3 |  3.0
Fighting       | |  2.0
Dodging        | |  1.3
Stealth        | |  0.4

Action                   |  1- 3 |  4- 6 |  7- 9 | 10-12 || total
-------------------------+-------+-------+-------+-------++-------
Melee: Short sword       |    34 |       |       |       ||    34
       Kick              |     2 |    16 |    19 |    34 ||    71
       Halberd           |       |   155 |   280 |   199 ||   634
 Fire: Shortbow          |    59 |    90 |   137 |   341 ||   627
Throw: Stone             |       |       |     3 |       ||     3
Invok: Heroism           |       |       |       |     2 ||     2
  Use: Scroll            |       |       |    16 |     4 ||    20
       Potion            |       |       |     7 |     3 ||    10
  Eat: Chunk             |       |    11 |     9 |    11 ||    31
       Bread ration      |       |       |     1 |       ||     1
       Royal jelly       |       |       |     1 |       ||     1
       Fruit             |       |       |     1 |       ||     1
Armor: Leather armour    |    16 |    51 |    51 |       ||   118
       Chain mail        |       |       |       |   165 ||   165
       Scale mail        |       |       |       |    23 ||    23
Dodge: Dodged            |    20 |    87 |    92 |    51 ||   250
